 Dungeon Crawl Stone Soup version 0.28-a0-750-g7c675f85b1 (webtiles) character file.

Game seed: 2353539678802131733

88 bande the Covered (level 4, -3/43 HPs)
             Began as a Gargoyle Fighter on Oct 30, 2021.
             Slain by Sigmund (7 damage)
             ... on level 2 of the Dungeon.
             The game lasted 00:03:09 (1510 turns).

bande the Covered (Gargoyle Fighter)                Turns: 1510, Time: 00:03:10

Health: -3/43      AC: 22    Str: 20    XL:     4   Next: 53%
Magic:  4/4        EV:  2    Int:  9    God:
Gold:   101        SH:  4    Dex:  9    Spells: 3/3 levels left

rFire   . . .      SeeInvis .   a - +0 war axe
rCold   . . .      Faith    .   c - +0 buckler
rNeg    + . .      Spirit   .   (armour currently unavailable)
rPois   ∞          Reflect  .   (helmet currently unavailable)
rElec   .          Harm     .   (cloak currently unavailable)
rCorr   .          Rampage  .   (gloves currently unavailable)
Will    .....      NoTele   +   (boots currently unavailable)
Stlth   +.........              (no amulet)
HPRegen 0.14/turn               (no ring)
MPRegen 0.09/turn               (no ring)

@: mighty, tree-form
A: stationary, stasis, torment immunity, boosted hp, sickness immunity, AC +3,
negative energy resistance 1, (electricity resistance), torment resistance 1,
petrification resistance
a: no special abilities


You were on level 2 of the Dungeon.
You were a tree.
You visited 1 branch of the dungeon, and saw 2 of its levels.

You collected 101 gold pieces.

Inventory:

Hand Weapons
 a - a +0 war axe (weapon)
Armour
 c - a +0 buckler (worn)
 f - a +0 helmet (melded)
 h - a +0 chain mail (melded)
Jewellery
 i - a ring of flight
Scrolls
 g - a scroll of magic mapping


   Skills:
 + Level 3.8 Fighting
 + Level 3.0 Axes
 + Level 3.9 Armour
 + Level 3.7 Shields


You had 3 spell levels left.
You didn't know any spells.
Your spell library contained the following spells:

 Spells                   Type           Power      Damage    Failure   Level
 Frozen Ramparts          Ice            0%         1d2       77%         3
 Animate Dead             Necr           0%         N/A       99%         4
 Death's Door             Necr           0%         N/A       100%        9


Dungeon Overview and Level Annotations

Branches:
Dungeon (2/15)

Altars:

Annotations:
D:2 Sigmund


Innate Abilities, Weirdness & Mutations

You are a tree.
Your roots penetrate the ground, keeping you stationary.
You cannot be teleported.
You are immune to unholy pain and torment.
Your maximum health is greatly increased.
Your equipment is partially melded.
You are immune to sickness and miasma.
((Your stone body is resilient. (AC +3)))
You are immune to poison.
You resist negative energy. (rN+)
((You are resistant to electric shocks. (rElec)))
You are resistant to unholy torment.
You are immune to petrification.


Message History

You are more confused.
You feel very mighty all of a sudden. Something hits you.
You see here a scroll of teleportation.
Something hits you.
You closely miss something. Something hits you.
Something hits you but does no damage.
You see here a brown potion.
You hear some strange, mumbled words.
A puff of flame appears from out of thin air!
The puff of flame hits you.
* * * LOW HITPOINT WARNING * * *
It was a potion of curing.
You feel better. Something hits you but does no damage.
You completely miss something.
You hear some strange, mumbled words.
You are confused.
Something hits you but does no damage.
You see here a scroll of teleportation.
You're too confused to move!
Something hits you.
* * * LOW HITPOINT WARNING * * *
You're too confused to move!
Something hits you.
* * * LOW HITPOINT WARNING * * *
Something hits you but does no damage.
You see here a brown potion.
b - a brown potion You feel less confused.
It was a potion of lignification.
You turn into a tree.
Your +0 helmet melds into your body.
Your +0 chain mail melds into your body.
Your roots penetrate the ground.
Something hits you but does no damage. Something hits you but does no damage.
You hear some strange, mumbled words.
A puff of flame appears from out of thin air!
The puff of flame hits you but does no damage.
Something hits you but does no damage.
You hear some strange, mumbled words.
Something tries to affect you, but you resist.
Something hits you!
You die...

## **.#.....#.......#,,,
*.....!.#.......#,,,
*#.#.##.#.......#,,,
######.#.##.#.......#,,,
#......#.##.#.......#,,,
#........##.#.....###***
#....{...##.......# *
#....?....?.#####.# *
#####..♣>...# *.# *
#...#...#****.#*****
#...#......,,,,,,,,,
#...........,,******
#.......####*,,,,,,,
####....# *,******
#....# ***,*** * *....#
*,,,,,* * *,,,,* *,,,,,*
*


There were no monsters in sight!

Vanquished Creatures
  Terence (D:2)
  An adder (D:2)
  A worm (D:2)
  7 ball pythons
  6 endoplasms
  A giant cockroach (D:2)
  6 goblins
  6 hobgoblins
  3 jackals (D:1)
  A quokka (D:1)
  4 bats (D:1)
  2 frilled lizards (D:1)
  A kobold (D:1)
  6 rats
46 creatures vanquished.

Vanquished Creatures (others)
  10 plants (D:1)
10 creatures vanquished.

Grand Total: 56 creatures vanquished

Notes
Turn   | Place    | Note
-------+----------+-------------------------------------------
     0 | D:1      | bande the Gargoyle Fighter began the quest for the Orb.
     0 | D:1      | Reached XP level 1. HP: 14/14 MP: 1/1
   146 | D:1      | Reached XP level 2. HP: 13/19 MP: 2/2
   288 | D:1      | Got the Collected Works on the Ghastly Frostbite
   362 | D:1      | Reached XP level 3. HP: 23/24 MP: 3/3
  1155 | D:2      | Found a faded altar of an unknown god.
  1356 | D:2      | Reached XP level 4. HP: 26/29 MP: 4/4
  1402 | D:2      | Noticed Terence
  1409 | D:2      | Killed Terence
  1475 | D:2      | Noticed Sigmund
  1510 | D:2      | Slain by Sigmund

Illustrated notes

Levels and vault maps discovered:
D:1:      onia_arrival_handbag, layout_rooms, serial_bayou,
          serial_bayou_crossing, serial_bayou_lagoon_a, serial_bayou_pond_b,
          serial_bayou_pond_b, minmay_misc_feat_hallway
D:2:      layout_basic, hellmonk_ecumenical_altar_run_dry, uniq_sigmund,
          uniq_terence

Skill      XL: |  1  2  3  4 |
---------------+-------------+-----
Axes           | 2 3 |  3.0
Fighting       | |  3.8
Armour         | |  3.9
Shields        | |  3.7

Action                   |  1- 3 |  4- 6 || total
-------------------------+-------+-------++-------
Melee: War axe           |   111 |    18 ||   129
  Use: Scroll            |     3 |     1 ||     4
       Potion            |       |     3 ||     3
Armor: Scale mail        |    81 |     1 ||    82
       Chain mail        |       |     6 ||     6
       Skin              |       |     4 ||     4
Dodge: Dodged            |    67 |     7 ||    74
Block: Buckler           |    34 |     4 ||    38

Table legend: (Time is in decaauts)
 A = Elapsed time spent in this place.
 B = Non-inter-level travel time spent in this place.
 C = Inter-level travel time spent in this place.
 D = Time resting spent in this place.
 E = Time spent auto-exploring this place.
 F = Levels seen in this place.
 G = Mean time per level.
                   A        B        C        D        E       F      G
               +--------+--------+--------+--------+--------+-----+--------+
         Total |   1585 |   1567 |     18 |      0 |   1164 |   2 |  792.5 |
       Dungeon |   1585 |   1567 |     18 |      0 |   1164 |   2 |  792.5 |
               +--------+--------+--------+--------+--------+-----+--------+

Top non-repeatable levels by time:
     D:1: 1072 daAuts
     D:2: 513 daAuts
